 Dungeon Crawl Stone Soup version 0.17.1-1-g73c8601 (webtiles) character file.

618603 shmeve the Executioner (level 26, -6/372 (379) HPs)
             Began as a Minotaur Berserker on Apr 23, 2016.
             Was the Champion of Trog.
             Splashed by an oklob plant's acid (10 damage)
             ... on level 8 of a ziggurat.
             The game lasted 02:44:31 (48723 turns).

shmeve the Executioner (Minotaur Berserker)        Turns: 48723, Time: 02:44:32

HP:   -6/372 (379)  AC: 30    Str: 48    XL:     26   Next: 97%
MP:   19/19         EV: 31    Int:  5    God:    Trog [******]
Gold: 3669          SH: 32    Dex: 24    Spells: 0 memorised, 25 levels left

rFire  + . .     SeeInvis +     W - +6 war axe of Impermanence {chop, Str+5 Dex+4}
rCold  . . .     Clarity  .     M - +8 plate armour of Impermeability {rElec}
rNeg   . . .     SustAt   .     f - +2 large shield {AC+3}
rPois  +         Gourm    .     Q - +2 hat
rElec  +         Spirit   .     L - +2 cloak {rPois}
rCorr  .         Warding  .     C - +2 pair of gloves of Xuocwu {Dex+6}
rMut   .         Stasis   .     B - +2 pair of boots
MR     ++++.                    y - amulet of faith
Stlth  ..........               P - ring "Imnaug" {*Contam rF+ MR+ Str+7}
                                i - +5 ring of evasion

@: berserking (expiring), corroded equipment, regenerating, very quick,
incredibly resistant to hostile enchantments, extremely unstealthy
A: retaliatory headbutt, horns 2, see invisible, breathe flames 1, low mp 1,
strong 1
a: Berserk, Trog's Hand, Brothers in Arms, Burn Spellbooks, Renounce Religion,
Breathe Fire
}: 3/15 runes: decaying, silver, gossamer


You were on level 8 of a ziggurat.
You worshipped Trog.
Trog was exalted by your worship.
You were not hungry.

You visited 9 branches of the dungeon, and saw 49 of its levels.
You visited 1 bazaar.
You visited 1 ziggurat, and saw 8 of its levels.

You collected 5808 gold pieces.
You spent 2139 gold pieces at shops.

Inventory:

Hand Weapons
 U - the +7 hand axe of Infection {freeze, +Fly MR++}
   (You found it on level 8 of the Lair of Beasts)

   It has been specially enchanted to freeze those struck by it, causing extra
   injury to most foes and up to half again as much damage against particularly
   susceptible opponents.
   It can also slow down cold-blooded creatures.
   It affects your resistance to hostile enchantments.
   It lets you fly.
 W - the +6 war axe of Impermanence (weapon) {chop, Str+5 Dex+4}
   (You found it on level 2 of the Spider Nest)

   It inflicts extra damage upon your enemies.
   It affects your strength (+5).
   It affects your dexterity (+4).
Missiles
 k - 26 javelins of penetration (quivered)
Armour
 f - a +2 large shield of protection (worn)
 B - a +2 pair of boots (worn)
 C - the +2 pair of gloves of Xuocwu (worn) {Dex+6}
   (You bought it in a shop in a bazaar)

   It affects your dexterity (+6).
 L - a +2 cloak of poison resistance (worn)
 M - the +8 plate armour of Impermeability (worn) {rElec}
   (You bought it in a shop in a bazaar)

   It insulates you from electricity.
 Q - a +2 hat (worn)
Jewellery
 i - a +5 ring of evasion (left hand)
 y - an amulet of faith (around neck)
 P - the ring "Imnaug" (right hand) {*Contam rF+ MR+ Str+7}
   (You took it off a red devil on level 8 of the Lair of Beasts)

   [ring of protection from magic]

   It affects your strength (+7).
   It protects you from fire.
   It affects your resistance to hostile enchantments.
   It causes magical contamination when unequipped.
Wands
 q - a wand of digging (11)
 x - a wand of digging (13)
 D - a wand of digging (8)
Scrolls
 g - 5 scrolls of recharging
 h - 21 scrolls of identify
 j - 9 scrolls of fear
 m - 15 scrolls of remove curse
 r - a scroll of silence
 v - 8 scrolls of magic mapping
 A - 10 scrolls of enchant weapon
 E - 15 scrolls of teleportation
 F - 2 scrolls of enchant armour
 K - 9 scrolls of blinking
 N - 2 scrolls of summoning
 Y - 4 scrolls of fog
Potions
 a - 8 potions of might
 d - 17 potions of curing
 e - 2 potions of flight
 l - 8 potions of haste
 o - 8 potions of resistance
 p - 7 potions of heal wounds
 s - 9 potions of agility
 z - 4 potions of cancellation
 I - 8 potions of magic
 O - 7 potions of brilliance
 T - a potion of invisibility
 X - 2 potions of cure mutation
Comestibles
 c - 35 bread rations
 n - 21 meat rations
 u - 17 royal jellies
 V - 11 beef jerkies


   Skills:
 * Level 23.6 Fighting
 * Level 24.0 Axes
 + Level 15.1 Throwing
 + Level 17.4 Armour
 + Level 16.6 Dodging
 * Level 22.5 Shields


You had 25 spell levels left.
You didn't know any spells.

Dungeon Overview and Level Annotations

Branches:
Dungeon (15/15)            Temple (1/1) D:6            Lair (8/8) D:10
  Swamp (4/4) Lair:3       Spider (4/4) Lair:3        Slime (0/6) Lair:8
    Orc (4/4) D:10            Elf (3/3) Orc:4        Vaults (5/5) D:13
  Crypt (0/3) Vaults:3     Depths (5/5) D:15
    Zot: Depths:5

Altars:
Ashenzari
Cheibriados
Dithmenos
Elyvilon
Fedhas
Gozag
Kikubaaqudgha
Makhleb
Nemelex Xobeh
Okawaru
Qazlal
Ru
Sif Muna
Trog
Vehumet
Xom
Yredelemnul
Zin
The Shining One
Beogh
Jiyva

Shops:
D:8 (%%%(   D:9 [   D:13 =   D:14 =   Orc:1 (   Orc:4 :[*=*   Elf:3 *

Portals:
Hell: Lair:8 Depths:1 Depths:3 Depths:4
Abyss: Depths:3 Depths:4
Pandemonium: Depths:3

Annotations:
D:14 8 runed doors
Lair:2 exclusion: oklob plant
Zig:8 exclusion: oklob plant


Innate Abilities, Weirdness & Mutations

You reflexively headbutt those who attack you in melee.
You have a pair of horns on your head.
You have supernaturally acute eyesight.
You can breathe flames.
Your magical capacity is low (-10% MP).
Your muscles are strong. (Str +2)


Message History

The bolt of cold hits you!
You slice the blizzard demon!!
You kill the blizzard demon!
Trog accepts your kill.
You slash the Ice Fiend!
You kill the Ice Fiend!
Trog accepts your kill. You block the reaper's attack.
You block the orange demon's attack. The oklob plant spits acid at you.
The splash of acid misses you.
The splash of acid misses the orange demon.
You hit the oklob plant but do no damage.
Unknown command.
You slice the oklob plant!! You headbutt the oklob plant!
The oklob plant is severely damaged.
The oklob plant spits acid at you. The splash of acid hits you!
* * * LOW HITPOINT WARNING * * *
The acid burns!
You die...

▓▓ ▓▓▓▓▓.▓▓▓▓▓
▓▓.........▓▓▓
.............▓▓
..............▓▓
...............▓
)......P.......▓
$......@.......▓▓
:}....)......∩..▓
).....24.......▓▓
...............▓
...............▓
..............▓▓
.............▓▓
▓▓.........▓▓▓
▓▓▓▓▓.▓▓▓▓▓


You could see a reaper, an oklob plant and an orange demon.

Vanquished Creatures
  An ancient lich (Vaults:5)
  A pandemonium lord (Zig:8)
  the Lernaean hydra (Swamp:4)
  2 caustic shrikes (Depths:3)
  Margery (Vaults:4)
  A Killer Klown (Zig:3)
  5 golden dragons
  Jorgrun (Depths:4)
  A tentacled monstrosity (Depths:4)
  4 liches
  2 Ice Fiends
  5 titans
  Asterion (Vaults:2)
  3 quicksilver dragons
  4 deep elf blademasters
  A Shadow Fiend (Zig:8)
  3 deep elf master archers (Elf:3)
  An octopode crusher (Depths:5)
  The ghost of Spurious the Warrior, an adept MiFi of Okawaru (Spider:3)
  A thorn hunter (Swamp:2)
  9 tengu reavers
  Frances (D:13)
  A shadow dragon (Depths:3)
  2 storm dragons (Vaults:5)
  Kirke (D:13)
  5 sphinxes
  6 fire giants
  Donald (Swamp:2)
  9 frost giants
  14 deep elf sorcerers
  19 vault wardens
  An iron dragon (shapeshifter) (D:15)
  2 iron dragons (Zig:7)
  A balrug (Zig:8)
  2 orc warlords
  A cacodemon (Zig:8)
  2 ghost moths
  8 emperor scorpions
  A spriggan defender (Depths:4)
  A draconian annihilator (Zig:1)
  2 war gargoyles (Vaults:5)
  13 ironheart preservers
  13 stone giants
  4 very ugly things
  3 vampire knights
  8 deep elf demonologists
  A salamander stormcaller (Zig:6)
  3 dire elephants
  9 deep elf annihilators
  11 ettins
  Snorg (Orc:3)
  A crystal guardian (Vaults:2)
  6 deep elf death magi
  13 fire dragons
  A blizzard demon (Zig:8)
  A merfolk javelineer (Depths:3)
  7 great orbs of eyes
  35 vault guards
  A minotaur (Depths:4)
  A jiangshi (Vaults:3)
  Josephine (D:13)
  9 deep elf high priests
  7 entropy weavers
  14 yaktaur captains
  The ghost of shmeve the Cleaver, a journeyman MiBe of Trog (Lair:3)
  Erolcha (D:13)
  25 hydras
  2 entropy weavers (shapeshifter)
  4 ice dragons
  10 centaur warriors
  A spriggan air mage (Depths:3)
  A ghost crab (Swamp:1)
  4 rakshasas
  The ghost of shmeve the Cleaver, a novice MiBe of Trog (Lair:1)
  16 dancing weapons
  9 alligators
  11 ogre magi
  A queen ant (Lair:5)
  7 tengu warriors
  An orc high priest (Orc:3)
  3 deep troll shamans
  14 death yaks
  Urug (D:13)
  2 spriggan berserkers
  9 spriggans
  2 vampire magi
  A deep troll earth mage (Vaults:5)
  18 deep elf knights
  2 soul eaters
  5 skeletal warriors
  4 wizards
  An ice devil (Zig:4)
  2 shadow wraiths (Vaults:4)
  2 small abominations
  6 deep trolls
  3 spriggan druids (Swamp:4)
  12 hell knights
  2 death drakes (Zig:7)
  A shadow demon (Depths:3)
  A spectral hydra (Depths:2)
  3 shambling mangroves
  3 giant orange brains
  3 harpies (Vaults:1)
  An infernal demonspawn (Zig:8)
  4 flayed ghosts
  8 swamp dragons
  5 unseen horrors
  2 deep elf summoners
  22 deep elf conjurers
  11 hill giants
  18 wolf spiders
  12 orb spiders
  5 phantasmal warriors
  13 ironbrand convokers
  An anubis guard (shapeshifter) (Vaults:5)
  9 hornets
  23 orc knights
  A cyclops (shapeshifter) (Elf:1)
  A water nymph (shapeshifter) (Depths:1)
  38 ugly things
  5 orc sorcerers
  A sphinx skeleton (Vaults:5)
  3 manticores
  4 oklob plants (Zig:8)
  5 necromancers
  A wolf spider (shapeshifter) (Vaults:5)
  7 cyclopes
  A sixfirhy (Lair:8)
  5 griffons
  2 moths of wrath (Spider:4)
  A frost giant skeleton (Zig:4)
  A rust devil (Zig:8)
  A stone giant skeleton (Vaults:2)
  12 vault sentinels
  3 naga magi
  A smoke demon (Lair:8)
  An elephant (shapeshifter) (D:14)
  15 spiny frogs
  3 torpor snails
  An ice statue (Zig:5)
  A human skeleton (Vaults:5)
  An eye of devastation (shapeshifter) (D:15)
  3 orange demons
  8 elephants
  7 black mambas
  42 yaktaurs
  A human zombie (Vaults:2)
  2 efreet
  A hellwing (Lair:8)
  6 komodo dragons
  A queen bee (Lair:6)
  4 demonic crawlers
  3 kobold demonologists
  4 red devils (Lair:8)
  6 fire drakes
  A troll (shapeshifter) (Vaults:2)
  7 freezing wraiths
  5 trolls
  16 deep elf priests
  3 blue devils (Lair:8)
  30 jumping spiders
  6 giant leeches
  6 tengu conjurers
  A two-headed ogre (shapeshifter) (D:15)
  5 large abominations (Elf:1)
  A polar bear (shapeshifter) (Depths:1)
  Grinder (D:3)
  41 slime creatures
  19 blink frogs
  Prince Ribbit (D:6)
  5 bog bodies
  4 polar bears
  19 two-headed ogres
  A tengu simulacrum (Vaults:5)
  A blink frog (shapeshifter) (Depths:3)
  2 boulder beetles
  2 raiju (Depths:2)
  48 redbacks
  A trapdoor spider (shapeshifter) (Vaults:5)
  Sigmund (D:5)
  14 trapdoor spiders
  An ettin skeleton (Zig:4)
  3 air elementals (Depths:3)
  4 shadows
  9 wraiths
  2 wyverns
  3 chaos spawn
  17 deep elf magi
  42 vampire mosquitoes
  2 hogs (shapeshifter)
  A tarantella (shapeshifter) (Vaults:2)
  13 tarantellas
  3 hungry ghosts
  3 water elementals
  40 deep elf fighters
  3 basilisks
  The ghost of shmeve the Shield-Bearer, an amateur FoFi (D:3)
  17 wargs
  53 yaks
  3 hogs (D:13)
  22 swamp worms
  10 hippogriffs
  24 insubstantial wisps
  20 soldier ants (Lair:5)
  A mottled dragon (Vaults:2)
  A hydra simulacrum (Depths:2)
  7 porcupines
  A warg (shapeshifter) (Vaults:4)
  15 water moccasins
  6 hell hounds (Depths:2)
  20 wolves
  12 swamp drakes
  71 orc warriors
  A black bear (shapeshifter) (Vaults:1)
  4 black bears
  A deep troll skeleton (Vaults:2)
  16 wasps
  9 spiders (Spider:2)
  40 ogres
  4 sky beasts
  2 necrophages
  An eye of draining (shapeshifter) (Vaults:4)
  23 centaurs
  An orc zombie (Vaults:2)
  3 eyes of draining
  2 phantoms
  3 ice beasts
  8 crocodiles
  A tengu (shapeshifter) (D:13)
  A brain worm (D:14)
  Blork the orc (Orc:2)
  An elf zombie (Elf:1)
  2 big kobolds
  A gnoll sergeant (D:11)
  14 giant frogs
  2 scorpions
  29 killer bees
  A wight (D:14)
  4 electric eels
  11 crimson imps
  6 hounds
  5 centaur zombies
  2 giant frog zombies
  4 jellies
  A giant frog skeleton (D:13)
  20 orc priests
  35 orc wizards
  A boulder beetle simulacrum (Vaults:2)
  4 centaur skeletons
  13 iguanas
  23 worker ants
  10 hell rats (Lair:2)
  45 sheep
  A hound zombie (D:10)
  10 gnolls
  11 adders
  75 river rats
  2 worker ant zombies (D:6)
  4 shadow imps
  A white imp (Zig:4)
  An adder skeleton (D:9)
  3 worms
  6 giant geckos
  214 orcs
  A ball python (D:3)
  5 bats
  4 giant cockroaches
  5 hobgoblins
  5 jackals
  13 kobolds
  3 quokkas
  7 giant newts
  9 goblins
  A quokka zombie (D:7)
  26 rats
  3 crawling corpses
  3 fire vortices (Zig:6)
  11 fungi
  9 plants
2283 creatures vanquished.

Vanquished Creatures (others)
  A tengu reaver (Vaults:5)
  A vault warden (Zig:6)
  A deep elf knight (Zig:6)
  A phantasmal warrior (Zig:6)
  A vault sentinel (Zig:6)
  A yaktaur (Zig:6)
  2 humans (D:13)
  A redback (Spider:4)
  A deep elf fighter (Elf:1)
  A water moccasin (Zig:5)
  An orc wizard (Vaults:4)
  8 fungi
  3 plants
  16 toadstools (Lair:2)
39 creatures vanquished.

Grand Total: 2322 creatures vanquished

Notes
Turn   | Place    | Note
--------------------------------------------------------------
     0 | D:1      | shmeve the Minotaur Berserker began the quest for the Orb.
     0 | D:1      | Reached XP level 1. HP: 19/19 MP: 0/0
   332 | D:1      | Reached XP level 2. HP: 27/27 MP: 1/1
   371 | D:1      | Reached skill level 4 in Fighting
   765 | D:1      | Reached ** piety under Trog
   905 | D:2      | Reached skill level 1 in Throwing
   905 | D:2      | Reached XP level 3. HP: 28/33 MP: 2/2
  1337 | D:3      | Noticed shmeve's ghost (amateur FoFi)
  1344 | D:3      | Killed shmeve's ghost
  1344 | D:3      | Reached skill level 5 in Fighting
  1344 | D:3      | Reached skill level 5 in Axes
  1344 | D:3      | Reached XP level 4. HP: 42/42 MP: 3/3
  1344 | D:3      | Reached XP level 5. HP: 48/48 MP: 4/4
  1404 | D:3      | Found a bloodstained altar of Trog.
  1457 | D:3      | Found a sparkling altar of Nemelex Xobeh.
  1509 | D:3      | Found a deep blue altar of Sif Muna.
  1528 | D:3      | Noticed Grinder
  1541 | D:3      | Killed Grinder
  1541 | D:3      | Reached XP level 6. HP: 46/57 MP: 5/5
  1549 | D:3      | Found a glowing silver altar of Zin.
  1713 | D:3      | Reached skill level 6 in Fighting
  2018 | D:4      | Found a radiant altar of Vehumet.
  2025 | D:4      | Found a shimmering altar of Xom.
  2170 | D:4      | Reached XP level 7. HP: 63/63 MP: 6/6
  2513 | D:4      | Reached *** piety under Trog
  2677 | D:5      | Entered Level 5 of the Dungeon
  3081 | D:5      | Noticed Sigmund
  3096 | D:5      | Killed Sigmund
  3096 | D:5      | Reached skill level 7 in Fighting
  3423 | D:5      | Reached XP level 8. HP: 60/73 MP: 7/7
  4204 | D:6      | Reached skill level 5 in Armour
  4224 | D:6      | Reached skill level 8 in Fighting
  4396 | D:6      | Reached skill level 5 in Dodging
  4575 | D:6      | Found a staircase to the Ecumenical Temple.
  4743 | D:6      | Noticed Prince Ribbit
  4754 | D:6      | Killed Prince Ribbit
  4754 | D:6      | Reached XP level 9. HP: 82/82 MP: 8/8
  4812 | D:6      | Reached **** piety under Trog
  4869 | D:6      | Found a shattered altar of Ashenzari.
  4884 | Temple   | Entered the Ecumenical Temple
  5255 | D:7      | Reached skill level 9 in Axes
  5259 | D:7      | Found an opulent altar of Gozag.
  5434 | D:8      | Found Pitec's Antique Weapon Emporium.
  5458 | D:8      | Bought a glowing broad axe for 92 gold pieces
  5552 | D:8      | Found Papsyr's Food Emporium.
  5624 | D:8      | Found a stormy altar of Qazlal.
  5728 | D:8      | Found Siof Sic's Antique Weapon Shoppe.
  5787 | D:8      | Found Qatogurr's Food Boutique.
  5801 | D:8      | Found Basch's Food Shoppe.
  5876 | D:8      | Found an ancient bone altar of Kikubaaqudgha.
  5978 | D:8      | Reached ***** piety under Trog
  6010 | D:8      | Reached skill level 5 in Throwing
  6105 | D:9      | Found a sacrificial altar of Ru.
  6166 | D:9      | Found a shadowy altar of Dithmenos.
  6240 | D:9      | Found Zacsont's Antique Armour Shoppe.
  6297 | D:9      | Found a bloodstained altar of Trog.
  6312 | D:9      | Reached skill level 10 in Axes
  6599 | D:10     | Entered Level 10 of the Dungeon
  6665 | D:10     | Reached XP level 10. HP: 75/93 MP: 9/9
  6667 | D:10     | Reached skill level 10 in Fighting
  6686 | D:10     | Noticed a hill giant
  6691 | D:10     | Killed a hill giant
  6886 | D:10     | Paralysed by a wasp for 3 turns
  7126 | D:10     | Found a staircase to the Lair.
  7226 | D:10     | Found a staircase to the Orcish Mines.
  7469 | Lair:1   | Entered Level 1 of the Lair of Beasts
  7550 | Lair:1   | Reached skill level 11 in Axes
  8165 | Lair:1   | Noticed an eight-headed hydra
  8179 | Lair:1   | Killed a 13-headed hydra
  8179 | Lair:1   | Reached XP level 11. HP: 75/102 MP: 10/10
  8180 | Lair:1   | Received a gift from Trog
  8194 | Lair:1   | Noticed shmeve's ghost (novice MiBe)
  8211 | Lair:1   | Killed shmeve's ghost
  8502 | Lair:1   | Reached skill level 12 in Axes
  9639 | Lair:2   | Found a blossoming altar of Fedhas.
 10153 | Lair:3   | Noticed a four-headed hydra
 10159 | Lair:3   | Killed a seven-headed hydra
 10174 | Lair:3   | Received a gift from Trog
 10215 | Lair:3   | Reached skill level 13 in Axes
 10368 | Lair:3   | Reached XP level 12. HP: 90/113 MP: 3/11
 10380 | Lair:3   | Noticed shmeve's ghost (journeyman MiBe)
 10400 | Lair:3   | Killed shmeve's ghost
 10645 | Lair:3   | Found a staircase to the Swamp.
 10685 | Lair:3   | Received a gift from Trog
 10782 | Lair:3   | Found a hole to the Spider Nest.
 10875 | Lair:3   | Noticed an eight-headed hydra
 10885 | Lair:3   | Killed a 12-headed hydra
 11022 | Lair:4   | Reached ****** piety under Trog
 11284 | Lair:4   | Received a gift from Trog
 11655 | Lair:5   | Received a gift from Trog
 11809 | Lair:5   | Noticed a seven-headed hydra
 11817 | Lair:5   | Killed a seven-headed hydra
 11817 | Lair:5   | Reached skill level 14 in Axes
 12260 | Lair:5   | Received a gift from Trog
 12260 | Lair:5   | Reached skill level 10 in Armour
 12260 | Lair:5   | Reached XP level 13. HP: 99/124 MP: 4/12
 13122 | Lair:6   | Received a gift from Trog
 13122 | Lair:6   | Reached skill level 10 in Dodging
 13334 | Lair:6   | Reached skill level 15 in Axes
 13346 | Lair:6   | Reached skill level 15 in Fighting
 14754 | Lair:8   | Entered Level 8 of the Lair of Beasts
 14785 | Lair:8   | Reached XP level 14. HP: 21/135 MP: 4/13
 15308 | Lair:8   | Received a gift from Trog
 15325 | Lair:8   | Got a twisted hand axe
 15329 | Lair:8   | Identified the +7 hand axe of Infection {freeze, +Fly MR++} (You found it on level 8 of the Lair of Beasts)
 15678 | Lair:8   | Noticed a dire elephant
 15690 | Lair:8   | Killed a dire elephant
 15941 | Lair:8   | Reached skill level 16 in Axes
 15943 | Lair:8   | Found a burning altar of Makhleb.
 16594 | Lair:8   | Got a scorched ivory ring
 16618 | Lair:8   | Found a gateway to Hell.
 16733 | Lair:8   | Found a viscous altar of Jiyva.
 16733 | Lair:8   | Found a staircase to the Slime Pits.
 16869 | Lair:6   | Received a gift from Trog
 17056 | Orc:1    | Entered Level 1 of the Orcish Mines
 17165 | Orc:1    | Found Ynumiom's Weapon Shop.
 17365 | Orc:1    | Found a roughly hewn altar of Beogh.
 17489 | Orc:1    | Reached skill level 10 in Throwing
 17880 | Orc:2    | Received a gift from Trog
 17924 | Orc:2    | Noticed Blork the orc
 17928 | Orc:2    | Killed Blork the orc
 17951 | Orc:2    | Reached skill level 1 in Shields
 18048 | Orc:2    | Found a shimmering altar of Xom.
 18537 | Orc:3    | Noticed Snorg
 18546 | Orc:3    | Killed Snorg
 18570 | Orc:3    | Found a dark tunnel.
 18633 | Orc:3    | Received a gift from Trog
 18930 | Orc:3    | Noticed an orc warlord
 18936 | Orc:3    | Reached skill level 5 in Shields
 18949 | Orc:3    | Killed an orc warlord
 19141 | Orc:4    | Entered Level 4 of the Orcish Mines
 19238 | Orc:4    | Found a radiant altar of Vehumet.
 19245 | Orc:4    | Received a gift from Trog
 19387 | Orc:4    | Found a roughly hewn altar of Beogh.
 19611 | Orc:4    | Found Ehiujuvu's Jewellery Emporium.
 19782 | Orc:4    | Identified the ring "Imnaug" {*Contam rF+ MR+ Str+7} (You took it off a red devil on level 8 of the Lair of Beasts)
 19791 | Orc:4    | Found Iher's General Store.
 19842 | Orc:4    | Received a gift from Trog
 20079 | Orc:4    | Received a gift from Trog
 20175 | Orc:4    | Found Jazy Rofaus's Assorted Antiques.
 20175 | Orc:4    | Found Loufay's Armour Emporium.
 20190 | Orc:4    | Reached XP level 15. HP: 125/144 MP: 14/14
 20192 | Orc:4    | Received a gift from Trog
 20210 | Orc:4    | Bought a +0 cloak of poison resistance for 127 gold pieces
 20250 | Orc:4    | Found a staircase to the Elven Halls.
 20305 | Orc:4    | Found Kahyza Zimi's Book Shoppe.
 20449 | Elf:1    | Entered Level 1 of the Elven Halls
 21279 | Elf:1    | Reached skill level 10 in Shields
 22361 | D:11     | Received a gift from Trog
 23921 | D:12     | Identified a scroll of acquirement
 23924 | D:12     | Got a shimmering cloak
 23935 | D:12     | Identified the +2 cloak "Jugherai" {rElec rF+} (You acquired it on level 12 of the Dungeon)
 24178 | D:12     | Gained mutation: You have supernaturally acute eyesight. [potion of mutation]
 24178 | D:12     | Gained mutation: Your magical capacity is low (-10% MP). [potion of mutation]
 24178 | D:12     | Gained mutation: Your muscles are strong. (Str +2) [potion of mutation]
 24253 | D:13     | Noticed Josephine
 24262 | D:13     | Killed Josephine
 24301 | D:13     | Received a gift from Trog
 24466 | D:13     | Noticed Frances
 24480 | D:13     | Killed Frances
 24506 | D:13     | Noticed Urug
 24517 | D:13     | Killed Urug
 24525 | D:13     | Noticed Erolcha
 24536 | D:13     | Killed Erolcha
 24694 | D:13     | Found a gate to the Vaults.
 24737 | D:13     | Noticed Kirke
 24754 | D:13     | Killed Kirke
 24856 | D:13     | Found Yddua's Jewellery Shoppe.
 24874 | D:13     | Bought an uncursed amulet of faith for 720 gold pieces
 25142 | D:14     | Reached XP level 16. HP: 96/147 MP: 13/13
 25149 | D:14     | Received a gift from Trog
 25196 | D:14     | Found a large runed door.
 25199 | D:14     | Noticed a storm dragon
 25200 | D:14     | Found a large runed door.
 25456 | D:14     | Received a gift from Trog
 25522 | D:14     | Found a large runed door.
 25526 | D:14     | Found a large runed door.
 25647 | D:14     | Found a large runed door.
 25651 | D:14     | Found a large runed door.
 25655 | D:14     | Found a large runed door.
 25703 | D:14     | Received a gift from Trog
 25737 | D:14     | Found a large runed door.
 25784 | D:14     | Found Povomai's Jewellery Shoppe.
 25852 | D:15     | Entered Level 15 of the Dungeon
 25974 | D:15     | Reached skill level 17 in Axes
 26239 | D:15     | Received a gift from Trog
 26354 | D:15     | Found a staircase to the Depths.
 26867 | D:15     | Found a white marble altar of Elyvilon.
 27313 | Spider:1 | Entered Level 1 of the Spider Nest
 27338 | Spider:1 | Reached skill level 15 in Shields
 27606 | Spider:1 | Received a gift from Trog
 28265 | Spider:2 | Received a gift from Trog
 28315 | Spider:2 | Got a brightly glowing war axe
 28316 | Spider:2 | Identified the +6 war axe of Impermanence {chop, Str+5 Dex+4} (You found it on level 2 of the Spider Nest)
 28870 | Spider:3 | Noticed Spurious's ghost (adept MiFi)
 28883 | Spider:3 | Killed Spurious's ghost
 28916 | Spider:3 | Reached XP level 17. HP: 153/157 MP: 14/14
 28927 | Spider:3 | Received a gift from Trog
 29551 | Spider:4 | Entered Level 4 of the Spider Nest
 29883 | Spider:4 | Reached skill level 18 in Axes
 29886 | Spider:4 | Received a gift from Trog
 29951 | Spider:4 | Got a gossamer rune of Zot
 30369 | Vaults:1 | Entered Level 1 of the Vaults
 30759 | Vaults:1 | Received a gift from Trog
 30807 | Vaults:1 | Received a gift from Trog
 31066 | Vaults:1 | Received a gift from Trog
 31294 | Vaults:1 | Noticed a Hell Sentinel
 31595 | Vaults:1 | Received a gift from Trog
 31604 | Vaults:1 | Got a pitted hand axe {god gift}
 31620 | Vaults:1 | Identified the +4 hand axe of Symmetry {chop, +Fly rC+} (Trog gifted it to you on level 1 of the Vaults)
 31656 | Vaults:1 | Found a gateway to a bazaar.
 31677 | Bazaar   | Entered a bazaar
 31679 | Bazaar   | Found Puozxy's Jewellery Emporium.
 31696 | Bazaar   | Found Femosm's Weapon Boutique.
 31737 | Bazaar   | Found Epliang's Antique Armour Shoppe.
 31745 | Bazaar   | Bought a pair of bloodstained gloves for 304 gold pieces
 31745 | Bazaar   | Bought a dazzling plate armour for 896 gold pieces
 31755 | Bazaar   | Identified the +8 plate armour of Impermeability {rElec} (You bought it in a shop in a bazaar)
 31766 | Bazaar   | Identified the +2 pair of gloves of Xuocwu {Dex+6} (You bought it in a shop in a bazaar)
 31767 | Bazaar   | Found Feamp's Book Shop.
 32157 | Vaults:2 | Reached XP level 18. HP: 156/167 MP: 15/15
 32400 | Vaults:2 | Received a gift from Trog
 32418 | Vaults:2 | Noticed Asterion
 32433 | Vaults:2 | Killed Asterion
 32448 | Vaults:2 | Received a gift from Trog
 33274 | Vaults:2 | Reached skill level 19 in Axes
 33315 | Vaults:2 | Received a gift from Trog
 33952 | Vaults:3 | Received a gift from Trog
 34155 | Vaults:3 | Found a staircase to the Crypt.
 34610 | Vaults:4 | Received a gift from Trog
 34694 | Vaults:4 | Reached XP level 19. HP: 163/178 MP: 16/16
 34891 | Vaults:4 | Received a gift from Trog
 34899 | Vaults:4 | Received a gift from Trog
 35105 | Vaults:4 | Noticed Margery
 35118 | Vaults:4 | Received a gift from Trog
 35127 | Vaults:4 | Killed Margery
 35407 | Vaults:4 | Reached skill level 20 in Axes
 35489 | Vaults:4 | Received a gift from Trog
 35695 | Vaults:4 | Found a radiant altar of Vehumet.
 35740 | Vaults:4 | Got a heavily runed hat
 35753 | Vaults:4 | Identified the cursed -3 hat of the Wasteland {+Blink rF+ Dex+4} (You found it on level 4 of the Vaults)
 36040 | Vaults:5 | Entered Level 5 of the Vaults
 36051 | Vaults:5 | Received a gift from Trog
 36070 | Vaults:5 | Reached XP level 20. HP: 132/188 MP: 17/17
 36074 | Vaults:5 | Reached skill level 15 in Armour
 36115 | Vaults:5 | Received a gift from Trog
 36129 | Vaults:5 | Noticed an ancient lich
 36145 | Vaults:5 | Killed an ancient lich
 36350 | Vaults:5 | Got a vibrating ruby amulet
 36389 | Vaults:5 | Noticed a golden dragon
 36396 | Vaults:5 | Killed a golden dragon
 36574 | Vaults:5 | Identified the amulet "Zefaoxt" {rMut rElec rC- MR+} (You took it off an ironheart preserver on level 5 of the Vaults)
 36859 | Vaults:5 | Received a gift from Trog
 36992 | Vaults:5 | Identified the Disquisition on Damaging Heat
 37210 | Vaults:5 | Reached skill level 21 in Axes
 37297 | Vaults:5 | Received a gift from Trog
 37469 | Vaults:5 | Reached XP level 21. HP: 198/198 MP: 17/17
 37520 | Vaults:5 | Got a clouded tin ring
 37522 | Vaults:5 | Received a gift from Trog
 37535 | Vaults:5 | Got a silver rune of Zot
 37546 | Vaults:5 | Got a scorched chain mail
 37557 | Vaults:5 | Identified the +5 chain mail of the Land of Plenty {rC+ rN++ Regen+ rCorr} (You found it on level 5 of the Vaults)
 37643 | Vaults:5 | Got a crude wooden ring
 37659 | Vaults:5 | Noticed a golden dragon
 37660 | Vaults:5 | Noticed a golden dragon
 37668 | Vaults:5 | Killed a golden dragon
 37675 | Vaults:5 | Killed a golden dragon
 37676 | Vaults:5 | Received a gift from Trog
 37694 | Vaults:5 | Identified the ring "Rocen" {+Inv rC+ MR+} (You took it off a frost giant on level 5 of the Vaults)
 37695 | Vaults:5 | Identified the ring "Koesko" {Fire Slay+3} (You took it off a deep elf conjurer on level 5 of the Vaults)
 38366 | Swamp:1  | Entered Level 1 of the Swamp
 38504 | Swamp:1  | Received a gift from Trog
 38703 | Swamp:1  | Reached skill level 15 in Dodging
 39046 | Swamp:2  | Noticed Donald
 39078 | Swamp:2  | Killed Donald
 39524 | Swamp:2  | You fall through a shaft!
 39550 | Swamp:3  | Received a gift from Trog
 40118 | Swamp:4  | Entered Level 4 of the Swamp
 40222 | Swamp:4  | Received a gift from Trog
 40238 | Swamp:4  | Noticed the 27-headed Lernaean hydra
 40245 | Swamp:4  | Killed the 27-headed Lernaean hydra
 40251 | Swamp:4  | Received a gift from Trog
 40304 | Swamp:4  | Got a decaying rune of Zot
 41158 | Elf:2    | Found a huge runed gate.
 41158 | Elf:2    | Found a huge runed gate.
 41158 | Elf:2    | Found a huge runed gate.
 41158 | Elf:2    | Found a huge runed gate.
 41161 | Elf:2    | Found a huge runed gate.
 41253 | Elf:2    | Received a gift from Trog
 41539 | Elf:2    | Received a gift from Trog
 41664 | Elf:2    | Reached skill level 22 in Axes
 41948 | Elf:2    | Reached XP level 22. HP: 204/209 MP: 18/18
 41986 | Elf:2    | Received a gift from Trog
 42154 | Elf:3    | Entered Level 3 of the Elven Halls
 42358 | Elf:3    | Received a gift from Trog
 42413 | Elf:3    | Received a gift from Trog
 42649 | Elf:3    | Found Ylegaeme's General Store.
 42870 | Elf:3    | Received a gift from Trog
 42897 | Elf:3    | Received a gift from Trog
 43137 | Elf:3    | Received a gift from Trog
 43173 | Elf:3    | Got a jewelled broad axe
 43174 | Elf:3    | Identified the +4 broad axe "Nallat" {drain, Dex+2} (You found it on level 3 of the Elven Halls)
 43177 | Elf:3    | Identified the Incunabulum of Destructive Lightness
 43199 | Elf:3    | Got an ancient troll leather armour
 43210 | Elf:3    | Identified the +0 troll leather armour of the King of the Hill {Regen+ rCorr Str+2 SInv} (You found it on level 3 of the Elven Halls)
 43935 | D:15     | Received a gift from Trog
 43959 | Depths:1 | Entered Level 1 of the Depths
 43991 | Depths:1 | Found an iron altar of Okawaru.
 44032 | Depths:1 | Received a gift from Trog
 44124 | Depths:1 | Paralysed by a great orb of eyes for 2 turns
 44184 | Depths:1 | Received a gift from Trog
 44583 | Depths:1 | Received a gift from Trog
 44648 | Depths:2 | Received a gift from Trog
 44847 | Depths:3 | Received a gift from Trog
 45134 | Depths:3 | Received a gift from Trog
 45181 | Depths:3 | Found a one-way gate leading to the halls of Pandemonium.
 45243 | Depths:3 | Found a one-way gate to the infinite horrors of the Abyss.
 45549 | Depths:3 | Reached XP level 23. HP: 214/219 MP: 19/19
 45556 | Depths:3 | Received a gift from Trog
 45578 | Depths:3 | Received a gift from Trog
 45596 | Depths:3 | Reached skill level 23 in Axes
 46308 | Depths:4 | Received a gift from Trog
 46693 | Depths:4 | Noticed Jorgrun
 46700 | Depths:4 | Killed Jorgrun
 47998 | Depths:5 | Entered Level 5 of the Depths
 48040 | Depths:5 | Found a gateway to a ziggurat.
 48074 | Zig:1    | Entered Level 1 of a ziggurat
 48228 | Zig:2    | Entered Level 2 of a ziggurat
 48255 | Zig:2    | Got a sparkling golden ring
 48258 | Zig:2    | Reached XP level 24. HP: 230/230 MP: 19/19
 48262 | Zig:3    | Entered Level 3 of a ziggurat
 48267 | Zig:3    | Received a gift from Trog
 48285 | Zig:4    | Entered Level 4 of a ziggurat
 48315 | Zig:4    | Reached XP level 25. HP: 238/238 MP: 19/19
 48319 | Zig:5    | Entered Level 5 of a ziggurat
 48346 | Zig:5    | Identified the ring "Ofese" {+Inv Str+4 Dex+3 Slay-2 Stlth-} (You found it on level 2 of a ziggurat)
 48422 | Zig:6    | Entered Level 6 of a ziggurat
 48431 | Zig:6    | Reached skill level 15 in Throwing
 48457 | Zig:6    | Reached XP level 26. HP: 186/246 MP: 19/19
 48470 | Zig:6    | Gained mutation: You can breathe flames. [potion of beneficial mutation]
 48577 | Zig:7    | Entered Level 7 of a ziggurat
 48588 | Zig:7    | Received a gift from Trog
 48609 | Zig:7    | Got a twisted war axe {god gift}
 48610 | Zig:7    | Identified the +3 war axe of Intimidation {flame, *Rage rPois rN+ Int+4} (Trog gifted it to you on level 7 of a ziggurat)
 48692 | Zig:8    | Entered Level 8 of a ziggurat
 48699 | Zig:8    | Noticed Ceiguos the pandemonium lord
 48709 | Zig:8    | HP: 13/369 [balrug/divine providence (9)]
 48712 | Zig:8    | Reached skill level 24 in Axes
 48713 | Zig:8    | Killed Ceiguos the pandemonium lord
 48719 | Zig:8    | HP: 9/369 [acid (12)]
 48723 | Zig:8    | HP: 4/372 [oklob plant/splash of acid (9)]
 48723 | Zig:8    | Splashed by an oklob plant's acid

Action                   |  1- 3 |  4- 6 |  7- 9 | 10-12 | 13-15 | 16-18 | 19-21 | 22-24 | 25-27 || total
-------------------------+-------+-------+-------+-------+-------+-------+-------+-------+-------++-------
Melee: Hand axe          |    76 |    58 |   312 |       |  1206 |   439 |   113 |   239 |       ||  2443
       Broad axe         |       |       |    71 |   122 |       |       |       |       |       ||   193
       War axe           |       |       |     7 |       |       |   827 |  1051 |   543 |    58 ||  2486
       Battleaxe         |       |       |       |   423 |   197 |       |       |       |       ||   620
Throw: Tomahawk          |       |       |       |    12 |       |       |       |       |       ||    12
       Javelin           |       |       |       |    20 |    46 |    45 |    27 |     4 |     2 ||   144
Invok: Berserk           |     1 |     1 |     1 |     5 |     9 |     4 |     3 |     2 |     1 ||    27
       Trog's Hand       |       |     1 |     2 |     2 |     7 |     4 |     4 |     9 |     1 ||    30
       Burn Spellbooks   |       |       |       |     1 |     7 |     1 |     6 |     6 |     2 ||    23
 Abil: Evoke Flight      |       |       |       |       |       |       |       |     1 |       ||     1
       Breathe Fire      |       |       |       |       |       |       |       |       |     2 ||     2
  Use: Scroll            |       |       |    17 |       |    21 |     1 |     7 |     1 |     1 ||    48
       Potion            |       |       |       |       |     1 |       |       |     2 |     2 ||     5
 Stab: Confused          |       |       |       |       |       |       |       |     1 |       ||     1
  Eat: Chunk             |     2 |     4 |    17 |    24 |    39 |    21 |    13 |    17 |     2 ||   139
       Fruit             |       |       |     1 |       |     4 |     9 |    19 |     4 |       ||    37
       Pizza             |       |       |       |       |     5 |     1 |     1 |     2 |       ||     9
       Beef jerky        |       |       |       |       |     4 |     5 |       |       |       ||     9
